 Dungeon Crawl Stone Soup version 0.21-a0-625-g1119ec1 (webtiles) character file.

388 tidbits the Digger (level 6, 44/44 HPs)
             Began as a Gnoll Earth Elementalist on Dec 24, 2017.
             Quit the game on level 6 of the Dungeon.
             The game lasted 00:05:52 (716 turns).

tidbits the Digger (Gnoll Earth Elementalist)        Turns: 716, Time: 00:05:53

Health: 44/44      AC:  4    Str: 11    XL:     6   Next: 79%
Magic:  5/14       EV: 15    Int: 19    God:
Gold:   59         SH:  0    Dex: 15    Spells: 12/15 levels left

rFire    . . .     SeeInvis .     - Unarmed
rCold    . . .     Gourm    .   (no shield)
rNeg     . . .     Faith    .   c - +0 robe
rPois    +         Spirit   .   (no helmet)
rElec    .         Reflect  .   (no cloak)
rCorr    .         Harm     .   G - +0 pair of gloves
MR       +....                  f - +0 pair of boots
Stlth    +++.......             (no amulet)
HPRegen  0.14/turn              j - ring of poison resistance
MPRegen  0.14/turn              m - ring of protection from magic

@: very slightly contaminated
A: distributed training, fangs 2, blink, deterioration 1, screaming 1, strong
nose
a: Blink


You were on level 6 of the Dungeon.
You were not hungry.

You visited 1 branch of the dungeon, and saw 7 of its levels.

You collected 59 gold pieces.

Inventory:

Missiles
 n - 7 tomahawks (quivered)
 o - 35 arrows
Armour
 c - a +0 robe (worn)
 f - a +0 pair of boots (worn)
 G - a +0 pair of gloves (worn)
Jewellery
 j - a ring of poison resistance (left hand)
   (You found it on level 2 of the Dungeon)
 k - a +3 ring of dexterity
   (You found it on level 4 of the Dungeon)
 m - a ring of protection from magic (right hand)
   (You found it on level 6 of the Dungeon)
Wands
 i - a wand of iceblast (10)
Scrolls
 a - 4 scrolls of remove curse {unknown}
 g - 3 scrolls of teleportation
 h - 2 scrolls of identify {unknown}
 p - a scroll of magic mapping {unknown}
 q - a scroll of fear {unknown}
Potions
 l - a potion of curing {unknown}
Books
 e - a book of Geomancy

   Spells                             Type                      Level
   a - Sandblast                      Earth                        1
   b - Passwall                       Transmutation/Earth          2
   c - Stone Arrow                    Conjuration/Earth            3
   d - Petrify                        Transmutation/Earth          4
   e - Lee's Rapid Deconstruction     Earth                        5
Comestibles
 d - 3 rations


   Skills:
 + Level 2.1 Fighting
 + Level 2.1 Short Blades
 + Level 2.1 Long Blades
 + Level 2.1 Axes
 + Level 2.1 Maces & Flails
 + Level 2.1 Polearms
 + Level 2.1 Staves
 + Level 2.1 Slings
 + Level 2.1 Bows
 + Level 2.1 Crossbows
 + Level 2.1 Throwing
 + Level 2.1 Armour
 + Level 5.0 Dodging
 + Level 4.6 Stealth
 + Level 2.1 Shields
 + Level 2.1 Unarmed Combat
 + Level 5.4 Spellcasting
 + Level 1.6 Conjurations
 + Level 1.6 Hexes
 + Level 1.6 Charms
 + Level 1.6 Summonings
 + Level 1.6 Necromancy
 + Level 1.6 Translocations
 + Level 2.7 Transmutations
 + Level 1.6 Fire Magic
 + Level 1.6 Ice Magic
 + Level 1.6 Air Magic
 + Level 5.7 Earth Magic
 + Level 1.6 Poison Magic
 + Level 2.3 Invocations
 + Level 2.1 Evocations


You had 12 spell levels left.
You knew the following spells:

 Your Spells              Type           Power        Failure   Level  Hunger
a - Sandblast             Erth           ####..       1%          1    None
p - Passwall              Tmut/Erth      ###.......   3%          2    None


Dungeon Overview and Level Annotations

Branches:
Dungeon (7/15)
 Temple: D:4-7

Altars:
Makhleb
Okawaru

Annotations:
D:3 melvinkitnick's ghost, amateur DsGl


Innate Abilities, Weirdness & Mutations

Your experience applies equally to all skills.
You have extremely sharp teeth.
Your uncanny sense of smell can sniff out nearby items.
You can translocate small distances at will.
Your body sometimes deteriorates upon taking damage.
You occasionally shout uncontrollably at your foes.


Message History

Your Throwing skill increases to level 2!
Your Armour skill increases to level 2!
Your Dodging skill increases to level 5!
Your Shields skill increases to level 2!
Your Unarmed Combat skill increases to level 2!
Your Evocations skill increases to level 2!
b - 2 stones
q - a scroll labeled ENNAZO CIEGEE 2 zombies and a skeleton come into view.
There is a stone staircase leading up here.
You climb upwards.
There is a stone staircase leading down here.
You open the door.
An orc wizard comes into view. It is wielding a dagger.
Found a scale mail.
An orc and an orc warrior come into view.
Casting: Sandblast
Confirm with . or Enter, or press ? or * to list all spells.
You don't know that spell.
Adjust (i)tems, (s)pells, or (a)bilities?
Adjust which spell?
Okay, then.
Memorise Passwall, consuming 2 spell levels and leaving 12?
You start memorising the spell.
You continue memorising. x2
You finish memorising.
Spell assigned to 'w'.
Adjust (i)tems, (s)pells, or (a)bilities?
Adjust which spell? w - Passwall Adjust to which letter? p - Passwall
Casting: Sandblast
Confirm with . or Enter, or press ? or * to list all spells.
Which direction?
You begin to meditate on the wall.
You continue meditating on the rock. x2
You finish merging with the rock.
You climb downwards.
You bark at the hobgoblin zombie!
A hobgoblin zombie comes into view.
You hear a shout!
The kobold zombie hits you but does no damage.
The kobold zombie completely misses you.
There is a stone staircase leading up here.
You climb upwards.
There is a stone staircase leading down here.
There is an open door here.
There is an iron altar of Okawaru here.
Casting: Passwall
Confirm with . or Enter, or press ? or * to list all spells.
Which direction?
You miscast Passwall.
You are very lightly contaminated with residual magic.
Nothing appears to happen.
Casting: Passwall
Confirm with . or Enter, or press ? or * to list all spells.
You don't know that spell.
Casting: Passwall
Confirm with . or Enter, or press ? or * to list all spells.
Which direction?
This rock feels extremely deep.
Unknown command.
Casting: Passwall
Confirm with . or Enter, or press ? or * to list all spells.
Which direction?
This rock feels extremely deep.
Unknown command.
Casting: Passwall
Confirm with . or Enter, or press ? or * to list all spells.
Which direction?
This rock feels extremely deep.
Unknown command.
An orc wizard comes into view. It is wielding a dagger.
The orc wizard shouts!
The orc shouts!
The orc wizard shouts!
Found a stone staircase leading down.
Casting: Passwall
Confirm with . or Enter, or press ? or * to list all spells.
Aiming: Sandblast
Press: ? - help, Shift-Dir - straight line, f - orc
Aim: an orc, wielding a falchion and wearing a leather armour The blast of sand hits the orc.
The orc is moderately wounded.
b - a stone The orc shouts!
Casting: Sandblast
Confirm with . or Enter, or press ? or * to list all spells.
Aiming: Sandblast
Press: ? - help, Shift-Dir - straight line, f/p - orc
Aim: an orc, wielding a falchion and wearing a leather armour (moderately wounded)
The blast of sand misses the orc.
You now have no stones remaining.
Casting: Sandblast
Confirm with . or Enter, or press ? or * to list all spells.
Aiming: Sandblast
Press: ? - help, Shift-Dir - straight line, f/p - orc
Aim: an orc, wielding a falchion and wearing a leather armour (lightly wounded)
You don't have any stones to cast with.
Casting: Sandblast
Confirm with . or Enter, or press ? or * to list all spells.
Aiming: Sandblast
Press: ? - help, Shift-Dir - straight line, f/p - orc
Aim: an orc, wielding a falchion and wearing a leather armour (lightly wounded)
You don't have any stones to cast with.
Are you sure you want to abandon this character and quit the game? (Confirm with "yes".)

#############
............# ∆
######......###### ∆
#...........# ###
#...........# ..##
######......# .#.###
#.....@###+#
..#..######......o.....#
#..#...................>
..##.###########...)...#
###..# #...ooo.# .....#
#.......# ..####
......### ###### #####.#
##...# .


You could see 2 orc wizards and 2 orcs.

Vanquished Creatures
  An ice beast (D:7)
  A centaur (D:7)
  A crimson imp (D:6)
  A quasit (D:6)
  A hound (D:6)
  A bullfrog zombie (D:7)
  An orc priest (D:3)
  A howler monkey skeleton (D:3)
  3 adders
  A shadow imp (D:6)
  A dart slug (D:2)
  A ball python (D:1)
  4 bats
  3 giant cockroaches
  2 hobgoblins
  A frilled lizard (D:2)
  A goblin (D:2)
  A goblin zombie (D:7)
  A hobgoblin zombie (D:7)
  A kobold (D:2)
  A kobold skeleton (D:7)
  A kobold zombie (D:7)
  4 rats
34 creatures vanquished.

Notes
Turn   | Place    | Note
-------+----------+-------------------------------------------
     0 | D:1      | tidbits the Gnoll Earth Elementalist began the quest for the Orb.
     0 | D:1      | Reached XP level 1. HP: 13/13 MP: 6/6
    69 | D:2      | Reached skill level 2 in Transmutations
    71 | D:2      | Reached XP level 2. HP: 17/19 MP: 1/7
   198 | D:2      | Reached XP level 3. HP: 25/25 MP: 3/9
   228 | D:3      | Reached skill level 5 in Spellcasting
   232 | D:3      | Noticed melvinkitnick's ghost (amateur DsGl)
   288 | D:3      | Reached skill level 1 in Fighting
   288 | D:3      | Reached skill level 1 in Short Blades
   288 | D:3      | Reached skill level 1 in Long Blades
   288 | D:3      | Reached skill level 1 in Axes
   288 | D:3      | Reached skill level 1 in Maces & Flails
   288 | D:3      | Reached skill level 1 in Polearms
   288 | D:3      | Reached skill level 1 in Staves
   288 | D:3      | Reached skill level 1 in Slings
   288 | D:3      | Reached skill level 1 in Bows
   288 | D:3      | Reached skill level 1 in Crossbows
   288 | D:3      | Reached skill level 1 in Throwing
   288 | D:3      | Reached skill level 1 in Armour
   288 | D:3      | Reached skill level 1 in Shields
   288 | D:3      | Reached skill level 1 in Unarmed Combat
   288 | D:3      | Reached skill level 1 in Invocations
   288 | D:3      | Reached skill level 1 in Evocations
   288 | D:3      | Reached XP level 4. HP: 13/32 MP: 3/11
   353 | D:5      | Entered Level 5 of the Dungeon
   365 | D:6      | Found an iron altar of Okawaru.
   376 | D:6      | Gained mutation: Scrolls take you a little longer to read. [potion of mutation]
   376 | D:6      | Gained mutation: You are partially covered in iridescent scales. (AC +2) [potion of mutation]
   378 | D:6      | Reached skill level 1 in Conjurations
   378 | D:6      | Reached skill level 1 in Hexes
   378 | D:6      | Reached skill level 1 in Charms
   378 | D:6      | Reached skill level 1 in Summonings
   378 | D:6      | Reached skill level 1 in Necromancy
   378 | D:6      | Reached skill level 1 in Translocations
   378 | D:6      | Reached skill level 1 in Fire Magic
   378 | D:6      | Reached skill level 1 in Ice Magic
   378 | D:6      | Reached skill level 1 in Air Magic
   378 | D:6      | Reached skill level 1 in Poison Magic
   451 | D:6      | Reached XP level 5. HP: 15/37 MP: 6/12
   460 | D:6      | Found a burning altar of Makhleb.
   521 | D:7      | Noticed a centaur
   531 | D:7      | Killed a centaur
   531 | D:7      | Reached skill level 2 in Invocations
   531 | D:7      | Reached XP level 6. HP: 29/44 MP: 6/13
   553 | D:7      | Lost mutation: Scrolls take you a little longer to read. [potion of mutation]
   553 | D:7      | Lost mutation: You are partially covered in iridescent scales. (AC +2) [potion of mutation]
   553 | D:7      | Gained mutation: Your body sometimes deteriorates upon taking damage. [potion of mutation]
   553 | D:7      | Gained mutation: You can translocate small distances at will. [potion of mutation]
   553 | D:7      | Gained mutation: You occasionally shout uncontrollably at your foes. [potion of mutation]
   553 | D:7      | Gained mutation: You have extremely sharp teeth. [potion of mutation]
   599 | D:7      | Noticed an ice beast
   612 | D:7      | Killed an ice beast
   612 | D:7      | Reached skill level 2 in Fighting
   612 | D:7      | Reached skill level 2 in Short Blades
   612 | D:7      | Reached skill level 2 in Long Blades
   612 | D:7      | Reached skill level 2 in Axes
   612 | D:7      | Reached skill level 2 in Maces & Flails
   612 | D:7      | Reached skill level 2 in Polearms
   612 | D:7      | Reached skill level 2 in Staves
   612 | D:7      | Reached skill level 2 in Slings
   612 | D:7      | Reached skill level 2 in Bows
   612 | D:7      | Reached skill level 2 in Crossbows
   612 | D:7      | Reached skill level 2 in Throwing
   612 | D:7      | Reached skill level 2 in Armour
   612 | D:7      | Reached skill level 5 in Dodging
   612 | D:7      | Reached skill level 2 in Shields
   612 | D:7      | Reached skill level 2 in Unarmed Combat
   612 | D:7      | Reached skill level 2 in Evocations
   638 | D:6      | Noticed an orc warrior
   656 | D:6      | Learned a level 2 spell: Passwall
   716 | D:6      | Quit the game

Vault maps used:
D:1:      lemuel_arrival_room, minmay_close_crescents
D:2:      hex_medium
D:4:      minmay_temple_entry_grid, mrwooster_statue_mirror
D:5:      nicolae_qazlal_eye_of_the_storm, fedhas_altar_fruit_tree,
          first_ration, guppyfry_shop_venom
D:6:      old_standard_altar, evilmike_ruin_ashenzari, marbit_many_paths,
          nicolae_overflow_crystal_walls, grunt_temple_overflow_open
D:7:      nicolae_tso_besieged_by_evil, uniq_joseph, uniq_crazy_yiuf_cottage

Skill      XL: |  1  2  3  4  5  6 |
---------------+-------------------+-----
Transmutations | 2 |  2.7
Spellcasting   | 5 |  5.4
Fighting       | 1 2 |  2.1
Short Blades   | 1 2 |  2.1
Long Blades    | 1 2 |  2.1
Axes           | 1 2 |  2.1
Maces & Flails | 1 2 |  2.1
Polearms       | 1 2 |  2.1
Staves         | 1 2 |  2.1
Slings         | 1 2 |  2.1
Bows           | 1 2 |  2.1
Crossbows      | 1 2 |  2.1
Throwing       | 1 2 |  2.1
Armour         | 1 2 |  2.1
Shields        | 1 2 |  2.1
Unarmed Combat | 1 2 |  2.1
Invocations    | 1 2 |  2.3
Evocations     | 1 2 |  2.1
Conjurations   | 1 |  1.6
Hexes          | 1 |  1.6
Charms         | 1 |  1.6
Summonings     | 1 |  1.6
Necromancy     | 1 |  1.6
Translocations | 1 |  1.6
Fire Magic     | 1 |  1.6
Ice Magic      | 1 |  1.6
Air Magic      | 1 |  1.6
Poison Magic   | 1 |  1.6
Dodging        | 5 |  5.0
Stealth        | |  4.6
Earth Magic    | |  5.7

Action                   |  1- 3 |  4- 6 || total
-------------------------+-------+-------++-------
Melee: Unarmed           |     1 |       ||     1
 Cast: Sandblast         |    28 |    44 ||    72
       Passwall          |       |     4 ||     4
  Use: Potion            |     1 |     2 ||     3
       Scroll            |     1 |       ||     1
 Stab: Sleeping          |     1 |       ||     1
Armor: Robe              |     1 |     6 ||     7
Dodge: Dodged            |    12 |    32 ||    44

Table legend:
 A = Spawn XP
 B = Non-spawn XP
 C = Spawn XP percentage of total XP
 D = Spawn monster count
 E = Non-spawn monster count
 F = Spawn count percentage of total count
 G = Total turns spent on level
                    A         B        C        D         E        F      G
               +---------+---------+-------+---------+---------+-------+---------
         Total |       0 |     555 |   0.0 |       0 |      34 |   0.0 |   716
               +---------+---------+-------+---------+---------+-------+---------
           D:1 |       0 |       4 |   0.0 |       0 |       2 |   0.0 |    66
           D:2 |       0 |      33 |   0.0 |       0 |      13 |   0.0 |   162
           D:3 |       0 |      58 |   0.0 |       0 |       4 |   0.0 |    80
           D:4 |       0 |      28 |   0.0 |       0 |       3 |   0.0 |    45
           D:6 |       0 |     148 |   0.0 |       0 |       4 |   0.0 |   229
           D:7 |       0 |     284 |   0.0 |       0 |       8 |   0.0 |   128
               +---------+---------+-------+---------+---------+-------+---------

Table legend:
 A = Turns spent in this place as a percentage of turns spent in the entire game.
 B = Non-inter-level travel turns spent in this place as a percentage of non-inter-level travel turns spent in the entire game.
 C = Inter-level travel turns spent in this place as a percentage of turns spent in this place.
 D = Turns resting spent in this place as a percentage of non-inter-level travel turns spent in this place.
 E = Turns spent auto-exploring this place as a percentage of non-inter-level travel turns spent in this place.
 F = Non-inter-level travel turns spent in this place divided by the number of levels of this place that you've seen.
                   A       B       C       D       E      F
               +-------+-------+-------+-------+-------+----------------------
         Total | 100.0 | 100.0 |   0.0 |   0.0 |   0.0 | 102.3
       Dungeon | 100.0 | 100.0 |   0.0 |   0.0 |   0.0 | 102.3
               +-------+-------+-------+-------+-------+----------------------

Table legend:
 A = Kills in this place as a percentage of kills in entire the game.
 B = Kills by you in this place as a percentage of kills by you in the entire game.
 C = Kills by friends in this place as a percentage of kills by friends in the entire game.
 D = Other kills in this place as a percentage of other kills in the entire game.
 E = Experience gained in this place as a percentage of experience gained in the entire game.
 F = Experience gained in this place divided by the number of levels of this place that you have seen.
                   A       B       C       D       E      F
               +-------+-------+-------+-------+-------+----------------------
         Total | 100.0 | 100.0 |   N/A |   N/A | 100.0 |  79.3
       Dungeon | 100.0 | 100.0 |   N/A |   N/A | 100.0 |  79.3
               +-------+-------+-------+-------+-------+----------------------

Vault maps used:
D:1:      lemuel_arrival_room, minmay_close_crescents
D:2:      hex_medium
D:4:      minmay_temple_entry_grid, mrwooster_statue_mirror
D:5:      nicolae_qazlal_eye_of_the_storm, fedhas_altar_fruit_tree,
          first_ration, guppyfry_shop_venom
D:6:      old_standard_altar, evilmike_ruin_ashenzari, marbit_many_paths,
          nicolae_overflow_crystal_walls, grunt_temple_overflow_open
D:7:      nicolae_tso_besieged_by_evil, uniq_joseph, uniq_crazy_yiuf_cottage
